 Dungeon Crawl Stone Soup version 0.23.1-37-gaa34b87 (webtiles) character file.

Game seed: 14926231534350431038

47 pjoxt the Skirmisher (level 3, -5/34 HPs)
             Began as a Naga Fighter on Mar 24, 2019.
             Slain by a worm (9 damage)
             ... on level 2 of the Dungeon.
             The game lasted 00:02:27 (1223 turns).

pjoxt the Skirmisher (Naga Fighter)                 Turns: 1223, Time: 00:02:28

Health: -5/34      AC:  3    Str: 19    XL:     3   Next: 70%
Magic:  3/3        EV:  6    Int:  8    God:
Gold:   96         SH:  8    Dex: 10    Spells: 2/2 levels left

rFire    . . .     SeeInvis +   a - +0 trident
rCold    . . .     Gourm    .   c - +0 shield
rNeg     . . .     Faith    .   e - +0 leather armour (curse)
rPois    +         Spirit   .   (no helmet)
rElec    .         Reflect  .   n - +0 cloak
rCorr    .         Harm     .   (no gloves)
MR       .....                  (no barding)
Stlth    ++........             (no amulet)
HPRegen  0.11/turn              (no ring)
MPRegen  0.08/turn              (no ring)

@: very slow
A: large, see invisible, deformed body, poison resistance, slowness 2, slow
metabolism 1, spit poison 1, AC +1
a: Spit Poison


You were on level 2 of the Dungeon.
You were not hungry.

You visited 1 branch of the dungeon, and saw 2 of its levels.

You collected 96 gold pieces.

Inventory:

Hand Weapons
 a - a +0 trident (weapon)
Armour
 b - a +0 scale mail
 c - a +0 shield (worn)
 e - a cursed +0 leather armour (worn)
 n - a +0 cloak (worn)
Scrolls
 k - a scroll of magic mapping {unknown}
Potions
 d - a potion of might
 g - a potion of flight {unknown}
 h - a potion of curing {unknown}
 i - a potion of cancellation {unknown}
 j - a potion of agility {unknown}
 m - a potion of brilliance {unknown}
Comestibles
 f - 2 rations
 l - 2 chunks of flesh


   Skills:
 + Level 3.4 Fighting
 * Level 3.0 Polearms
 - Level 2.4 Armour
 + Level 2.2 Stealth
 + Level 2.5 Shields


You had 2 spell levels left.
You didn't know any spells.
Your spell library was empty.

Dungeon Overview and Level Annotations

Branches:
Dungeon (2/15)

Altars:


Innate Abilities, Weirdness & Mutations

You cannot wear boots.
Your serpentine skin is tough. (AC +1)
You have supernaturally acute eyesight. (SInv)
Armour fits poorly on your strangely shaped body.
Your system is resistant to poisons. (rPois)
You cover ground very slowly.
You have a slow metabolism.
You can spit poison.


Message History

Attack whom?
Press: ? - help, Dir - move target cursor, f/p - gnoll
Aim: a gnoll, wielding a +0 spear You reach to attack!
You closely miss the gnoll. You block the gnoll's attack.
Attack whom?
Press: ? - help, Dir - move target cursor, f/p - gnoll
Aim: a gnoll, wielding a +0 spear You reach to attack!
You closely miss the gnoll. You block the gnoll's attack.
The gnoll hits you from afar with a +0 spear. x2
You hit the worm.
The worm is lightly wounded.
The gnoll hits you from afar with a +0 spear.
The gnoll hits you from afar with a +0 spear!
* * * LOW HITPOINT WARNING * * *
You block the worm's attack.
The gnoll hits you from afar with a +0 spear.
* * * LOW HITPOINT WARNING * * *
You block the worm's attack. The worm bites you!
You die...

.# ... #.#.# .# .. ##
#.#.# .#$. <#
#.#.#### .#. .#
#.#.#.. .. .# #.#.#.#
.# .######
#.#.#.###<# ......#
#.#.....@.#
#####.###......w..#
#.........###.g####
#.###.###.# ##g##
#.###.# #.# #g.##
...##.# #.# #...#
..................[.+
...######.###...(####
..## #.# #.#.##


You could see a worm and 2 gnolls.

Vanquished Creatures
  An adder (D:2)
  A worm (D:2)
  A dart slug (D:1)
  2 leopard geckos (D:1)
  2 bats
  A giant cockroach (D:1)
  2 goblins (D:1)
  6 hobgoblins (D:1)
  4 jackals (D:2)
  4 frilled lizards
  3 kobolds
  2 rats
29 creatures vanquished.

Notes
Turn   | Place    | Note
-------+----------+-------------------------------------------
     0 | D:1      | pjoxt the Naga Fighter began the quest for the Orb.
     0 | D:1      | Reached XP level 1. HP: 21/21 MP: 1/1
   309 | D:1      | Reached skill level 1 in Stealth
   309 | D:1      | Reached XP level 2. HP: 27/28 MP: 2/2
   805 | D:1      | Reached XP level 3. HP: 34/34 MP: 3/3
  1223 | D:2      | Slain by a worm

Skill      XL: |  1  2  3 |
---------------+----------+-----
Stealth        | 1 2 |  2.2
Polearms       | 3 |  3.0
Fighting       | |  3.4
Armour         | |  2.4
Shields        | |  2.5

Action                   || total
-------------------------++-------
Melee: Trident           ||   104
Armor: Leather armour    ||    17
Dodge: Dodged            ||    21
Block: Shield            ||    46
